 Dungeon Crawl Stone Soup version 0.19.0-9-gfd783f2 (webtiles) character file.

150 MovingMist the Slasher (level 5, 0/45 HPs)
             Began as a Draconian Gladiator on Nov 7, 2016.
             Killed from afar by an orc wizard (4 damage)
             ... with a magic dart
             ... on level 3 of the Dungeon.
             The game lasted 00:04:25 (1334 turns).

MovingMist the Slasher (Draconian Gladiator)        Turns: 1334, Time: 00:04:26

Health: 0/45       AC:  7    Str: 18    XL:     5   Next: 10%
Magic:  5/5        EV: 13    Int:  8    God:
Gold:   41         SH:  0    Dex: 12    Spells: 0 memorised, 4 levels left

rFire  . . .     SeeInvis .     a - +0 long sword
rCold  . . .     Gourm    .     (armour unavailable)
rNeg   . . .     Faith    .     (no shield)
rPois  .         Spirit   .     j - +2 hat
rElec  .         Reflect  .     (no cloak)
rCorr  .         Harm     .     (no gloves)
MR     .....                    (no boots)
Stlth  +.........               (no amulet)
                                (no ring)
                                (no ring)

@: no status effects
A: unfitting armour, cold-blooded, AC +5
a: no special abilities


You were on level 3 of the Dungeon.
You were not hungry.

You visited 1 branch of the dungeon, and saw 3 of its levels.

You collected 41 gold pieces.

Inventory:

Hand Weapons
 a - a +0 long sword (weapon)
Missiles
 c - 3 throwing nets (quivered)
Armour
 j - a +2 hat (worn)
Scrolls
 b - a scroll of identify {unknown}
 f - 3 scrolls of remove curse {unknown}
 h - a scroll of recharging {unknown}
 n - a scroll of enchant armour {unknown}
 p - a scroll of immolation {unknown}
 q - a scroll of amnesia {unknown}
 u - a scroll of random uselessness {unknown}
Potions
 e - 3 potions of curing {unknown}
 k - a potion of degeneration {unknown}
 l - a potion of lignification {unknown}
 m - a potion of heal wounds {unknown}
 o - a potion of brilliance {unknown}
 r - a potion of haste {unknown}
 v - a potion of flight {unknown}
Books
 s - a book of Callings

   Spells                             Type                      Level
   a - Summon Small Mammal            Summoning                    1
   b - Call Imp                       Summoning                    2
   c - Call Canine Familiar           Summoning                    3
   d - Summon Guardian Golem          Hexes/Summoning              3
   e - Summon Lightning Spire         Summoning/Air                4
   f - Summon Ice Beast               Ice/Summoning                4
Comestibles
 d - 2 bread rations
 g - 6 chunks of flesh
 i - 3 fruits
 t - a meat ration


   Skills:
 + Level 3.1 Fighting
 + Level 3.9 Long Blades
 + Level 2.5 Throwing
 * Level 3.8 Dodging


You had 4 spell levels left.
You didn't know any spells.

Dungeon Overview and Level Annotations

Branches:
Dungeon (3/15)

Altars:
Fedhas


Innate Abilities, Weirdness & Mutations

Your plain brown scales are hard. (AC +5)
You cannot fit into any form of body armour.
You are cold-blooded and may be slowed by cold attacks.


Message History

You miss the orc wizard.
The orc wizard is heavily wounded.
The orc wizard hits you but does no damage.
The orc wizard hits you with a dagger of holy wrath.
* * * LOW HITPOINT WARNING * * *
You feel less confused.
The orc wizard gestures wildly while chanting.
The orc wizard flickers and vanishes!
Deactivating autopickup; reactivate with Ctrl-A.
Things that are here:
a dagger; a robe; an orc corpse
Things that are here:
a whip; a war axe; an orc corpse You hear some strange, mumbled words.
A puff of flame appears from out of thin air!
The puff of flame hits you!
* * * LOW HITPOINT WARNING * * *
A magic dart appears from out of thin air!
The magic dart hits you!
You die...

#.................#
####....###########
#.#.## #.### #.#
#.# ##### #.#
##...## .
##.###.....##.#
#..@#.<......#
#...#........#
#...#).......#
#...{#)....##
#.........##
##(######## #.# #.
#+


There were no monsters in sight!

Vanquished Creatures
  An orc wizard (D:3)
  Ijyb (D:2)
  Terence (D:3)
  2 adders
  3 dart slugs
  3 leopard geckos
  2 orcs (D:3)
  5 bats
  3 giant cockroaches
  3 hobgoblins
  3 jackals (D:2)
  4 kobolds
  3 frilled lizards
  4 goblins
  6 rats
44 creatures vanquished.

Notes
Turn   | Place    | Note
-------+----------+-------------------------------------------
     0 | D:1      | MovingMist the Draconian Gladiator began the quest for the Orb.
     0 | D:1      | Reached XP level 1. HP: 17/17 MP: 1/1
    70 | D:1      | Reached XP level 2. HP: 24/25 MP: 2/2
   620 | D:2      | Reached XP level 3. HP: 29/30 MP: 3/3
   767 | D:2      | Noticed Ijyb
   791 | D:2      | Killed Ijyb
   791 | D:2      | Reached XP level 4. HP: 32/37 MP: 4/4
   808 | D:2      | Found a blossoming altar of Fedhas.
  1148 | D:3      | Found a faded altar of an unknown god.
  1149 | D:3      | Noticed Terence
  1167 | D:3      | Killed Terence
  1310 | D:3      | Reached XP level 5. HP: 36/45 MP: 5/5
  1334 | D:3      | Killed from afar by an orc wizard

Skill      XL: |  1  2  3  4 |
---------------+-------------+-----
Throwing       | 2 |  2.5
Dodging        | 3 |  3.8
Fighting       | 3 |  3.1
Long Blades    | |  3.9

Action                   |  1- 3 |  4- 6 || total
-------------------------+-------+-------++-------
Melee: Long sword        |    89 |    57 ||   146
       Tailslap          |     9 |     6 ||    15
 Stab: Sleeping          |     1 |       ||     1
  Eat: Chunk             |       |     2 ||     2
Armor: Skin              |    32 |    21 ||    53
Dodge: Dodged            |    67 |    28 ||    95
       Rpst.: Long sword |    20 |     5 ||    25
